 Dungeon Crawl Stone Soup version 0.31-a0-960-g0fca184906 (webtiles) character file.

Game seed: 14754351799311399675

15841 LeprechaunX the Mimic (level 12, -8/73 HPs)
             Began as an Octopode Shapeshifter on Oct 23, 2023.
             Was a High Priest of Hepliaklqana.
             Mangled by a red ugly thing (21 damage)
             ... on level 12 of the Dungeon.
             The game lasted 00:28:48 (13125 turns).

LeprechaunX the Mimic (Octopode Shapeshifter)      Turns: 13125, Time: 00:28:49

Health: -8/73      AC:  1    Str: 31    XL:     12   Next: 31%
Magic:  18/19      EV: 13    Int: 12    God:    Hepliaklqana [*****.]
Gold:   832        SH:  9    Dex: 11    Spells: 19/21 levels left

rFire   . .          .
                       - Unarmed
rCold   + . .        s - +0 kite shield
rNeg    . . .        (helmet currently unavailable)
rPois   .            (no amulet)
rElec   .            g - +6 ring of strength
rCorr   +            A - +4 ring of slaying
SInv    .            I - +6 ring of strength
Will    .....        J - ring of resist corrosion
Stlth   ++           N - ring of protection from cold
HPRegen 0.32/turn    (no ring)
MPRegen 0.16/turn    (no ring)
                     (no ring)

%: no passive effects
@: beast-form, wereblooded, slowed, very slow
A: beast (slay +4), reduced essence, almost no armour, amphibious, 8 rings,
camouflage 1, gelatinous body 1, (nimble swimmer 1), tentacles
a: Begin Untransformation, Renounce Religion, Recall Ancestor, Ancestor
Identity, Transference, Idealise


You were on level 12 of the Dungeon.
You worshipped Hepliaklqana.
Hepliaklqana was extremely pleased with you.
You were a hulking beast.
You visited 2 branches of the dungeon, and saw 13 of its levels.
You also visited: Bailey.

You collected 864 gold pieces.
You spent 32 gold pieces at shops.

Inventory:

Hand Weapons
 a - the +8 sling of Valuable Assets {drain, Will+ MP+9 Int-4 Stlth+}
   (You found it on level 11 of the Dungeon)

   Int-4:     It affects your intelligence (-4).
   Will+:     It increases your willpower.
   MP+9:      It affects your magic capacity (+9).
   Stlth+:    It makes you more stealthy.
 E - a +8 broad axe
Missiles
 B - 6 boomerangs (quivered)
 H - a throwing net
Armour
 s - a +0 kite shield (worn)
Jewellery
 g - a +6 ring of strength (left tentacle)
 i - a ring of ice
 t - an amulet of faith
 A - a +4 ring of slaying (right tentacle)
 I - a +6 ring of strength (on tentacle)
 J - a ring of resist corrosion (on tentacle)
 N - a ring of protection from cold (on tentacle)
Talismans
 b - a beast talisman
 c - a flux talisman
Wands
 n - a wand of flame (86)
 y - a wand of paralysis (10)
Scrolls
 h - 2 scrolls of amnesia
 k - 3 scrolls of enchant armour
 l - a scroll of poison
 m - 6 scrolls of teleportation
 o - a scroll of immolation
 p - 5 scrolls of fear
 q - 4 scrolls of summoning
 r - 2 scrolls of vulnerability
 u - 2 scrolls of revelation
 v - a scroll of blinking
 D - 2 scrolls of enchant weapon
 K - a scroll of silence
 L - 3 scrolls of fog
Potions
 d - 3 potions of resistance {unknown}
 e - 5 potions of curing
 f - 2 potions of mutation {unknown}
 j - a potion of brilliance {unknown}
 w - 2 potions of enlightenment {unknown}
 x - a potion of might
 z - a potion of heal wounds
 C - a potion of magic {unknown}
 F - a potion of berserk rage {unknown}
 G - a potion of haste {unknown}
 M - a potion of invisibility {unknown}


   Skills:
 + Level 7.9 Fighting
 + Level 1.9 Ranged Weapons
 - Level 5.0 Dodging
 + Level 6.3 Shields
 - Level 6.0 Unarmed Combat
 - Level 5.0 Spellcasting
 + Level 6.7 Transmutations
 + Level 4.0 Invocations
 - Level 5.0 Evocations
 * Level 10.5 Shapeshifting


You had 19 spell levels left.
You knew the following spells:

 Your Spells              Type           Power      Damage    Failure   Level
a - Wereblood             Tmut           19%        N/A       3%          2

Your spell library contained the following spells:

 Spells                   Type           Power      Damage    Failure   Level
 Magic Dart               Conj           12%        1d3       34%         1
 Blink                    Tloc           6%         N/A       45%         2
 Call Imp                 Summ           6%         N/A       45%         2
 Lesser Beckoning         Tloc           6%         N/A       45%         2
 Momentum Strike          Conj/Tloc      6%         3d8       45%         2
 Sublimation of Blood     Necr           3%         N/A       45%         2
 Dazzling Flash           Conj/Hex       6%         N/A       71%         3
 Gell's Gravitas          Tloc           3%         N/A       71%         3
 Inner Flame              Hex/Fire       3%         N/A       71%         3
 Mephitic Cloud           Conj/Pois/Air  3%         N/A       71%         3
 Stone Arrow              Conj/Erth      6%         3d7       71%         3
 Teleport Other           Tloc           3%         N/A       71%         3
 Volatile Blastmotes      Fire/Tloc      6%         2d10      71%         3
 Yara's Violent Unravell  Hex/Tmut       5%         3d4       94%         5
 Animate Dead             Necr           3%         N/A       98%         4
 Fulminant Prism          Conj/Hex       1%         3d5       98%         4
 Iskenderun's Mystic Bla  Conj/Tloc      3%         2d3       98%         4
 Manifold Assault         Tloc           3%         N/A       98%         4
 Vhi's Electric Charge    Tloc/Air       6%         N/A       98%         4
 Arcjolt                  Conj/Air       1%         1d11      100%        5
 Borgnjor's Vile Clutch   Necr/Erth      1%         N/A       100%        5
 Death Channel            Necr           1%         N/A       100%        6
 Dispersal                Tloc           1%         N/A       100%        6
 Plasma Beam              Fire/Air       1%         2x1d11    100%        6
 Starburst                Conj/Fire      1%         6d3       100%        6
 Enfeeble                 Hex            1%         N/A       100%        7
 Summon Hydra             Summ           1%         N/A       100%        7
 Disjunction              Tloc           1%         N/A       100%        8
 Lehudib's Crystal Spear  Conj/Erth      1%         10d2      100%        8
 Maxwell's Capacitive Co  Air            1%         ∞         100%        8
 Animate Armour           Summ/Erth      Unusable   N/A       N/A         4

Dungeon Overview and Level Annotations

Branches:
Dungeon (12/15)            Temple (1/1) D:4            Lair (0/5) D:11
 Bailey (visited)
    Orc: D:9-12

Altars:
Ashenzari
Cheibriados
Dithmenos
Elyvilon
Fedhas
Gozag
Hepliaklqana
Kikubaaqudgha
Makhleb
Nemelex Xobeh
Okawaru
Qazlal
Ru
Sif Muna
Trog
Uskayaw
Vehumet
Wu Jian
Xom
Yredelemnul
Zin
The Shining One

Shops:
D:1 (   D:3 :   D:7 ?

Annotations:
D:3 1 runed translucent door, Crazy Yiuf


Innate Abilities, Weirdness & Mutations

You are a hulking beast.
Your limbs bulge with bestial killing power. (Slay +4)
Your life essence is reduced to manifest your ancestor. (-10% HP)
You cannot wear most types of armour.
You are amphibious.
You can wear up to eight rings at the same time.
Your skin changes colour to match your surroundings (Stealth+).
Your rubbery body absorbs attacks. (AC +1, EV +1)
((You are camouflaged when in or above water. (Stealth+)))
You have tentacles for arms and can constrict up to eight enemies at once.


Message History

The quasit misses you. The quasit claws you. x2
Rigel hits the hellwing but does no damage.
The kobold demonologist hits Rigel with a +0 dagger.
Rigel is destroyed!
The kobold demonologist shouts!
Casting: Wereblood (safe; 3% risk of failure)
Confirm with . or Enter, or press ? or * to list all spells.
Your blood is infused with primal strength.
The hellwing gives a chilling moan.
You feel sick.
Something shouts, "Get thee hence, thou feeble crook-pated dandiprat!"
You block the quasit's attack. x2; The quasit barely misses you.
The kobold demonologist mumbles some strange words.
The quasit bites you but does no damage.
You block the quasit's attack.
The quasit claws you but does no damage.
You bludgeon the quasit!
You kill the quasit!
The quasit disappears in a puff of smoke!
You feel sick.
The shadow imp shouts, "Out, out, thou craven clay-brained urchin!"
You feel sick.
You are no longer poisoned.
The crimson imp blinks!
You block the red ugly thing's attack.
The hellwing swoops through the air toward you!
You block the hellwing's attack. The hellwing misses you.
Things that are here:
a +0 short sword; 6 poisoned darts; a howler monkey corpse The chaos spawn gives a chilling moan.
You tentacle-slap the hellwing but do no damage.
You squeeze the hellwing.
The hellwing is lightly wounded.
The red ugly thing pecks you!
You are engulfed in flames!
The hellwing hits you. x2
* * * LOW HITPOINT WARNING * * *
The kobold demonologist looks satisfied for a moment.
The red ugly thing pecks you!
* * * LOW HITPOINT WARNING * * *
You are engulfed in flames!!
You die...

##...................#
..
.....................#
.
...#.#########.......#
# .###.# #.......#
###### .###.#
###.#.#.# ......
.....# #.# # # ######
###..# #.# # # . #4# #
# #h# # # #u# # . #5#
# ###.# ......5K# #
..... ......4K# ###.#
######5K5 #§§. #5.#.
#§.#K


You could see a red ugly thing, a hellwing (summoned), 3 kobold demonologists, a
chaos spawn (summoned), 2 crimson imps, a white imp (summoned), a shadow imp
(summoned) and an ufetubus (summoned).

Vanquished Creatures
  An orc warlord (Bailey)
  2 two-headed ogres (D:11)
  3 cyclopes
  Joseph (D:8)
  A kobold demonologist (D:10)
  A troll (D:9)
  2 hornets
  Sigmund (D:2)
  A slime creature (D:11)
  2 shadows
  2 wyverns
  8 yaks
  2 vampire mosquitoes (D:12)
  2 acid dragons
  4 water moccasins
  13 orc warriors
  2 ice beasts (D:6)
  A sky beast (D:6)
  2 black bears
  2 centaurs
  4 phantoms
  2 wolves (D:11)
  2 kobold brigands
  5 bullfrogs
  A gnoll sergeant (D:9)
  6 scorpions
  2 wights (D:8)
  15 killer bees
  5 howler monkeys
  5 orc priests
  5 hounds
  A jelly (D:6)
  Jessica (D:2)
  A hexer (Bailey)
  2 iguanas (D:5)
  2 sleepcaps
  Natasha (twice) (D:4)
  5 orc wizards
  14 gnolls
  7 adders
  3 white imps
  A worm (D:4)
  A dart slug (D:1)
  42 orcs
  8 endoplasms
  6 giant cockroaches
  20 goblins
  15 hobgoblins
  18 kobolds
  3 quokkas
  7 ball pythons
  8 bats
  2 frilled lizards (D:1)
  7 rats
281 creatures vanquished.

Vanquished Creatures (collateral kills)
  A two-headed ogre (D:11)
  Jeremiah (D:8)
  A troll (D:9)
  3 slime creatures (D:11)
  A yak (D:9)
  A vampire mosquito (D:11)
  Grum (D:11)
  An acid dragon (D:11)
  4 sky beasts
  3 orc warriors
  A centaur (D:9)
  2 wolves (D:11)
  A kobold brigand (D:9)
  2 bullfrogs
  A wight (D:8)
  5 killer bees
  A howler monkey (D:11)
  A jelly (D:6)
  2 orc priests
  2 gnolls (Bailey)
  10 orcs
  A goblin (Bailey)
  A kobold (D:12)
47 creatures vanquished.

Vanquished Creatures (others)
  5 hexers
5 creatures vanquished.

Grand Total: 333 creatures vanquished

Notes
Turn   | Place    | Note
-------+----------+-------------------------------------------
     0 | D:1      | LeprechaunX the Octopode Shapeshifter began the quest for
                  | the Orb.
     0 | D:1      | Reached XP level 1. HP: 13/13 MP: 1/1
   100 | D:1      | Reached XP level 2. HP: 15/18 MP: 2/2
   394 | D:1      | Found Jyisogih's Weapon Shop.
   588 | D:1      | Reached XP level 3. HP: 23/23 MP: 3/3
   978 | D:2      | Reached XP level 4. HP: 17/29 MP: 4/4
  1120 | D:2      | Noticed Jessica
  1136 | D:2      | Killed Jessica
  1218 | D:2      | Reached skill level 4 in Shapeshifting
  1236 | D:2      | Noticed Sigmund
  1248 | D:2      | Killed Sigmund
  1249 | D:2      | Reached XP level 5. HP: 22/35 MP: 5/5
  1249 | D:2      | Reached XP level 6. HP: 26/41 MP: 6/6
  1945 | D:3      | Reached skill level 5 in Shapeshifting
  2140 | D:3      | Reached XP level 7. HP: 46/46 MP: 7/7
  2310 | D:3      | Found Wuivial's Book Shoppe.
  2339 | D:3      | Learned a level 2 spell: Wereblood
  2808 | D:3      | Found a runed translucent door.
  2809 | D:3      | Noticed Crazy Yiuf
  3135 | D:4      | Noticed Natasha
  3140 | D:4      | Killed Natasha
  3226 | D:4      | Found a staircase to the Ecumenical Temple.
  3235 | D:4      | Reached skill level 1 in Evocations
  3245 | Temple   | Entered the Ecumenical Temple
  3258 | Temple   | Became a worshipper of Hepliaklqana the Forgotten
  3366 | D:4      | Noticed Natasha
  3371 | D:4      | Killed Natasha
  3372 | D:4      | Reached skill level 1 in Spellcasting
  3405 | D:4      | Reached skill level 1 in Transmutations
  3680 | D:5      | Entered Level 5 of the Dungeon
  3800 | D:5      | Reached XP level 8. HP: 45/54 MP: 8/10
  4142 | D:5      | Reached * piety under Hepliaklqana
  4249 | D:5      | Reached skill level 6 in Shapeshifting
  4254 | D:5      | Reached skill level 5 in Unarmed Combat
  5061 | D:6      | Reached XP level 9. HP: 49/53 MP: 12/12
  5233 | D:6      | Reached skill level 1 in Shields
  6028 | D:7      | Reached ** piety under Hepliaklqana
  6029 | D:7      | Remembered your ancestor Rigel as a hexer
  6048 | D:7      | Reached skill level 5 in Dodging
  6262 | D:7      | Reached skill level 7 in Shapeshifting
  6267 | D:7      | Found Ahiucigar's Magic Scroll Shoppe.
  6337 | D:7      | Reached skill level 5 in Fighting
  6426 | D:7      | Bought a scroll of identify for 32 gold pieces
  6584 | D:7      | Found a radiant altar of Vehumet.
  6584 | D:7      | Found a broken altar of Ashenzari.
  6584 | D:7      | Found a glowing silver altar of Zin.
  6997 | D:8      | Noticed Joseph
  7021 | D:8      | Reached *** piety under Hepliaklqana
  7043 | D:8      | Noticed Jeremiah
  7071 | D:8      | Killed Jeremiah
  7189 | D:8      | Found a flagged portal.
  7194 | D:8      | Reached XP level 10. HP: 51/58 MP: 15/15
  7212 | Bailey   | Entered a bailey
  7900 | Bailey   | Noticed an orc warlord
  7910 | Bailey   | HP: 3/61 [orc warrior/+0 war axe (25)]
  7911 | Bailey   | Killed an orc warlord
  7912 | Bailey   | Reached skill level 5 in Evocations
  7912 | Bailey   | Reached skill level 8 in Shapeshifting
  7914 | Bailey   | HP: 1/61 [gnoll/+0 hand axe (3)]
  8644 | D:8      | Killed Joseph
  9001 | D:9      | Reached skill level 5 in Transmutations
  9002 | D:9      | Reached XP level 11. HP: 64/65 MP: 16/18
  9036 | D:9      | Reached skill level 9 in Shapeshifting
  9270 | D:9      | Reached skill level 5 in Spellcasting
  9401 | D:9      | Reached **** piety under Hepliaklqana
  9893 | D:9      | HP: 1/66 [centaur/arrow (12)]
 10170 | D:9      | Reached skill level 5 in Shields
 10384 | D:10     | Entered Level 10 of the Dungeon
 10437 | D:10     | Reached skill level 1 in Invocations
 11446 | D:11     | Found a staircase to the Lair.
 11462 | D:11     | HP: 1/67 [yak (17)]
 11498 | D:11     | Noticed a two-headed ogre
 11687 | D:11     | Killed a two-headed ogre
 11726 | D:11     | Noticed a cyclops
 11739 | D:11     | Killed a cyclops
 11844 | D:11     | Noticed a two-headed ogre
 11846 | D:11     | Noticed a two-headed ogre
 11850 | D:11     | Killed a two-headed ogre
 11851 | D:11     | Reached skill level 10 in Shapeshifting
 11853 | D:11     | Killed a two-headed ogre
 11872 | D:11     | Identified the +8 sling of Valuable Assets {drain, Will+
                  | MP+9 Int-4 Stlth+}
 11886 | D:11     | Reached XP level 12. HP: 63/72 MP: 8/19
 12080 | D:11     | Reached ***** piety under Hepliaklqana
 12251 | D:11     | Noticed Grum
 12259 | D:11     | Killed Grum
 12303 | D:11     | Reached skill level 1 in Ranged Weapons
 13125 | D:12     | Mangled by a red ugly thing

Illustrated notes

Levels and vault maps discovered:
D:1:      lemuel_arrival_lava_pool, layout_loops_ring, serial_shops,
          nicolae_shop_bloodbath_and_beyond, chequers_avenue, minmay_nonomino_d4
D:2:      wad_lake_hut, layout_rooms, kennysheep_crisscross, uniq_sigmund,
          uniq_jessica
D:3:      layout_loops_corners, serial_shops, shop, uniq_crazy_yiuf_cottage
D:4:      layout_loops_cross, minmay_temple_entry_overgrown,
          mrwooster_statue_mirror, uniq_natasha
D:5:      layout_loops_ring, minivault_25
D:6:      layout_loops_ring, nrook_pool_corridor, minmay_misc_feat_tower
D:7:      layout_cave_pools, gammafunk_temple_overflow_claw, serial_shops, shop
D:8:      layout_gridville, enter_bailey_5, minmay_door_square, uniq_joseph,
          uniq_jeremiah
D:9:      layout_basic
D:10:     layout_loops_cross
D:11:     layout_irregular_city, due_lair_maze_entry_diamond, uniq_grum
D:12:     layout_basic, orc_0_dummy
Temple:   compressed_dpeg_triangle_lava_temple

Skill      XL: |  1  2  3  4  5  6  7  8  9 10 11 12 |
---------------+-------------------------------------+-----
Fighting       | 2 3 4 5 6 7 |  7.9
Shapeshifting  | 4 5 6 7 8 10 | 10.5
Dodging        | 3 4 5 |  5.0
Unarmed Combat | 4 5 6 |  6.0
Evocations     | 1 2 4 5 |  5.0
Spellcasting   | 1 2 3 4 5 |  5.0
Transmutations | 1 2 3 5 6 |  6.7
Shields        | 2 4 6 |  6.3
Invocations    | 3 4 |  4.0
Ranged Weapons | 1 |  1.9

Action                     |  1- 3 |  4- 6 |  7- 9 | 10-12 || total
---------------------------+-------+-------+-------+-------++-------
  Melee: Unarmed           |    53 |    69 |   199 |   239 ||   560
         Constrict         |     9 |    12 |    40 |    62 ||   123
         Tentacles         |     9 |    10 |    49 |    59 ||   127
         Punch             |     2 |     1 |     9 |    14 ||    26
   Fire: Sling             |    14 |     3 |     5 |    66 ||    88
  Throw: Boomerang         |       |       |       |    31 ||    31
   Cast: Wereblood         |       |       |       |     9 ||     9
 Invoke: Ancestor Life: He |       |       |     1 |       ||     1
         Recall Ancestor   |       |       |       |     2 ||     2
    Use: Potion            |       |     1 |       |     2 ||     3
         Scroll            |       |       |    11 |     4 ||    15
   Stab: Sleeping          |     3 |     4 |     9 |       ||    16
         Confused          |       |       |       |     4 ||     4
         Distracted        |       |       |       |     1 ||     1
 Armour: Skin              |    18 |    44 |    96 |   121 ||   279
  Dodge: Dodged            |    23 |    37 |    95 |   115 ||   270
  Block: Kite shield       |       |       |    20 |    96 ||   116

Table legend: (Time is in decaauts)
 A = Elapsed time spent in this place.
 B = Non-inter-level travel time spent in this place.
 C = Inter-level travel time spent in this place.
 D = Time resting spent in this place.
 E = Time spent auto-exploring this place.
 F = Levels seen in this place.
 G = Mean time per level.
                   A        B        C        D        E       F      G
               +--------+--------+--------+--------+--------+-----+--------+
         Total |  13145 |  12735 |    410 |   2200 |   8433 |  14 |  938.9 |
       Dungeon |  12151 |  11765 |    386 |   1621 |   8374 |  12 | 1012.6 |
        Temple |     26 |      2 |     24 |      0 |      0 |   1 |   26.0 |
        Bailey |    966 |    966 |      0 |    579 |     59 |   1 |  966.0 |
               +--------+--------+--------+--------+--------+-----+--------+

Top non-repeatable levels by time:
     D:9: 1813 daAuts
    D:11: 1233 daAuts
     D:5: 1212 daAuts
     D:6: 1125 daAuts
     D:3: 1057 daAuts
    D:10: 1019 daAuts
  Bailey: 966 daAuts
     D:8: 921 daAuts
     D:1: 903 daAuts
     D:2: 871 daAuts
     D:7: 843 daAuts
     D:4: 811 daAuts
    D:12: 339 daAuts
  Temple: 26 daAuts
